 Dungeon Sprint DCSS version 0.31-a0-1-g4198be8af4 (webtiles) character file.

Game seed: 15479481064783380111

1159 sircluck the Severer (level 8, -6/127 HPs)
             Began as a Hill Orc Berserker on May 2, 2023.
             Was a Priest of Trog.
             Mangled by a catoblepas (9 damage)
             ... while petrified by a catoblepas
             ... in the Dungeon (Sprint IX: "|||||||||||||||||||||||||||||").
             The game lasted 00:02:29 (475 turns).

sircluck the Severer (Hill Orc Berserker)            Turns: 475, Time: 00:02:29

Health: -6/127     AC: 15    Str: 22    XL:     8   Next: 39%
Magic:  8/8        EV:  2    Int: 10    God:    Trog [***...]
Gold:   0          SH:  0    Dex: 13    Spells: 7/7 levels left

rFire   . . .        p - +1 broad axe (vamp)
rCold   . . .        (no shield)
rNeg    + + +        r - +3 chain mail
rPois   ∞            (no helmet)
rElec   .            o - +0 cloak
rCorr   .            (no gloves)
SInv    .            n - +0 pair of boots
Will    .....        (no amulet) Stlth
                     k - +3 ring of dexterity
HPRegen 0.41/turn    l - +3 ring of intelligence
MPRegen 0.11/turn

%: no teleportation
@: berserking, petrified
A: no striking features
a: Renounce Religion, Berserk, Trog's Hand


You were in the Dungeon.
You worshipped Trog.
Trog was most pleased with you.
You visited 1 branch

Inventory:

Hand Weapons
 a - a +0 hand axe
 p - a +1 vampiric broad axe (weapon)
Missiles
 q - 2 poisoned darts (quivered)
Armour
 b - a +0 animal skin
 m - a +1 chain mail
 n - a +0 pair of boots (worn)
 o - a +0 cloak (worn)
 r - a +3 chain mail (worn)
Jewellery
 k - a +3 ring of dexterity (left hand)
 l - a +3 ring of intelligence (right hand)
Wands
 j - a wand of roots (10)
Potions
 c - 5 potions of curing
 d - a potion of heal wounds
 e - a potion of haste
 f - 4 potions of magic
 i - a potion of invisibility


   Skills:
 + Level 12.6 Fighting
 + Level 15.9 Axes
 + Level 6.0 Armour
 + Level 6.0 Dodging


You had 7 spell levels left.
You didn't know any spells.
Your spell library was empty.

Dungeon Overview and Level Annotations

Branches:
Dungeon (1/1)

Altars:
Cheibriados
Dithmenos
Elyvilon
Fedhas
Gozag
Hepliaklqana
Kikubaaqudgha
Makhleb
Nemelex Xobeh
Okawaru
Qazlal
Ru
Sif Muna
Trog
Uskayaw
Vehumet
Wu Jian
Xom
Yredelemnul
Zin
The Shining One
Beogh
Jiyva
Lugonu


Message History

The catoblepas gores your black bear!!
Your black bear dies!
Your black bear's corpse disappears in a puff of smoke!
The kobold demonologist casts a spell.
You have turned to stone.
The kobold demonologist casts a spell.
The catoblepas gores you but does no damage.
The catoblepas gores you!! The catoblepas gores you!
The crimson imp blinks!
The catoblepas breathes a plume of calcifying dust at you.
The blast of calcifying dust hits you.
You are engulfed in calcifying dust.
The catoblepas gores you!
You are engulfed in calcifying dust.
The catoblepas gores you but does no damage.
You are engulfed in calcifying dust.
The catoblepas gores you!
* * * LOW HITPOINT WARNING * * *
The catoblepas gores you!!
* * * LOW HITPOINT WARNING * * *
The catoblepas gores you!!
* * * LOW HITPOINT WARNING * * *
The crimson imp grinds its teeth.
You turn to flesh and can move again.
A red film seems to cover your vision as you go berserk!
You feel yourself moving faster!
You feel mighty!
The catoblepas breathes a plume of calcifying dust at you.
The blast of calcifying dust hits you.
* * * LOW HITPOINT WARNING * * *
You slash the catoblepas!
The catoblepas is lightly wounded.
You are engulfed in calcifying dust.
You are slowing down.
You slash the catoblepas!
You feel better.
The catoblepas is lightly wounded.
You are engulfed in calcifying dust.
Your limbs have turned to stone.
The kobold demonologist casts a spell.
The catoblepas gores you!
* * * LOW HITPOINT WARNING * * *
You have turned to stone.
You are engulfed in calcifying dust.
The catoblepas gores you!!
You die...

▓.▓
▓.▓
▓5▓
▓4▓
▓y▓
▓K▓
▓c▓
▓Y▓
▓@▓
▓▓▓


You could see a catoblepas, a centaur warrior, an orange demon (summoned), a
kobold demonologist, a vampire mosquito and a crimson imp (summoned).

Vanquished Creatures
  A two-headed ogre (D)
  A hornet (D)
  An orc warrior (D)
  A black bear (D)
  A kobold brigand (D)
  A wight (D)
  A hound (D)
  A gnoll bouda (D)
  An iguana (D)
  An endoplasm (D)
  A giant cockroach (D)
  A goblin (D)
  A jackal (D)
  2 quokkas (D)
  A frilled lizard (D)
16 creatures vanquished.

Notes
Turn   | Place    | Note
-------+----------+-------------------------------------------
     0 | D        | sircluck the Hill Orc Berserker began the quest for the
                  | Orb.
     0 | D        | Reached XP level 1. HP: 19/19 MP: 1/1
    19 | D        | Reached ** piety under Trog
    29 | D        | Reached skill level 5 in Axes
    95 | D        | Noticed a black bear
    95 | D        | Noticed an iguana
    95 | D        | Noticed a hound
    98 | D        | Killed a hound
    99 | D        | Reached skill level 5 in Fighting
    99 | D        | Reached skill level 6 in Axes
    99 | D        | Reached XP level 2. HP: 30/30 MP: 2/2
    99 | D        | Reached XP level 3. HP: 37/37 MP: 3/3
   101 | D        | Reached *** piety under Trog
   102 | D        | Reached skill level 7 in Axes
   102 | D        | Reached XP level 4. HP: 45/45 MP: 4/4
   105 | D        | Killed a black bear
   106 | D        | Reached skill level 9 in Axes
   106 | D        | Reached XP level 5. HP: 53/53 MP: 5/5
   115 | D        | Found a roughly hewn altar of Beogh.
   115 | D        | Found a snail-covered altar of Cheibriados.
   115 | D        | Found a shadowy altar of Dithmenos.
   115 | D        | Found a white marble altar of Elyvilon.
   115 | D        | Found a blossoming altar of Fedhas.
   115 | D        | Found an opulent altar of Gozag.
   116 | D        | Found a hazy altar of Hepliaklqana.
   117 | D        | Found a viscous altar of Jiyva.
   118 | D        | Found an ancient bone altar of Kikubaaqudgha.
   119 | D        | Found a corrupted altar of Lugonu.
   120 | D        | Found a burning altar of Makhleb.
   121 | D        | Found a sparkling altar of Nemelex Xobeh.
   122 | D        | Found an iron altar of Okawaru.
   123 | D        | Found a stormy altar of Qazlal.
   124 | D        | Found a sacrificial altar of Ru.
   125 | D        | Found a shimmering blue altar of Sif Muna.
   126 | D        | Found a bloodstained altar of Trog.
   127 | D        | Found a hide-covered altar of Uskayaw.
   128 | D        | Found a radiant altar of Vehumet.
   129 | D        | Found an ornate altar of the Wu Jian Council.
   130 | D        | Found a shimmering altar of Xom.
   131 | D        | Found a basalt altar of Yredelemnul.
   132 | D        | Found a glowing silver altar of Zin.
   133 | D        | Found a glowing golden altar of the Shining One.
   196 | D        | Noticed an orc warrior
   196 | D        | Noticed a kobold brigand
   196 | D        | Noticed a hornet
   196 | D        | Noticed a two-headed ogre
   202 | D        | Killed a two-headed ogre
   202 | D        | Reached **** piety under Trog
   203 | D        | Reached skill level 14 in Axes
   203 | D        | Reached skill level 5 in Armour
   203 | D        | Reached skill level 5 in Dodging
   203 | D        | Reached XP level 6. HP: 69/69 MP: 6/6
   203 | D        | Reached XP level 7. HP: 75/75 MP: 7/7
   209 | D        | Paralysed by a hornet for 1 turns
   211 | D        | Killed a hornet
   212 | D        | Reached skill level 15 in Axes
   212 | D        | Reached XP level 8. HP: 59/83 MP: 8/8
   368 | D        | Noticed a kobold demonologist
   368 | D        | Noticed a cyan ugly thing
   368 | D        | Noticed a kobold demonologist
   368 | D        | Noticed a centaur warrior
   368 | D        | Noticed a catoblepas
   385 | D        | Noticed a soul eater
   463 | D        | Noticed an orange demon
   471 | D        | HP: 4/85 [catoblepas (9)]
   475 | D        | Mangled by a catoblepas

Illustrated notes

Levels and vault maps discovered:
D:        linesprint [early_d, line_temple, items_1, d_10, items_2, lair_1,
          lair_end, items_3, orc_1, orc_end, items_4, d_15, swamp_1, shoals_1,
          snake_1, spider_1, d_20, vaults_1, items_5, swamp_end, shoals_end,
          snake_end, spider_end, vaults_end, d_27, items_6, zot_1, zot_end,
          crypt_end, forest_end, elf_end, slime_end, tomb_end, abyss_end,
          pan_hell_end]

Skill      XL: |  1  2  3  4  5  6  7  8 |
---------------+-------------------------+-----
Fighting       | 5 6 8 11 12 | 12.6
Axes           | 6 7 9 14 15 | 15.9
Dodging        | 2 3 5 6 |  6.0
Armour         | 3 5 6 |  6.0

Action                     |  1- 3 |  4- 6 |  7- 9 || total
---------------------------+-------+-------+-------++-------
  Melee: Hand axe          |    30 |     5 |       ||    35
         Broad axe         |       |     5 |    46 ||    51
         Punch             |       |       |     2 ||     2
 Invoke: Berserk           |     1 |     1 |       ||     2
         Brothers in Arms  |       |       |     2 ||     2
    Use: Potion            |       |       |     3 ||     3
         Scroll            |       |       |     2 ||     2
 Armour: Animal skin       |     4 |       |       ||     4
         Chain mail        |       |       |    24 ||    24
  Dodge: Dodged            |    14 |     5 |    18 ||    37

Table legend: (Time is in decaauts)
 A = Elapsed time spent in this place.
 B = Non-inter-level travel time spent in this place.
 C = Inter-level travel time spent in this place.
 D = Time resting spent in this place.
 E = Time spent auto-exploring this place.
 F = Levels seen in this place.
 G = Mean time per level.
                   A        B        C        D        E       F      G
               +--------+--------+--------+--------+--------+-----+--------+
         Total |    495 |    495 |      0 |     58 |    119 |   1 |  495.0 |
       Dungeon |    495 |    495 |      0 |     58 |    119 |   1 |  495.0 |
               +--------+--------+--------+--------+--------+-----+--------+

Top non-repeatable levels by time:
       D: 495 daAuts
